cohdb
Replays
Latest Replays
All Replays
Popular Replays
Top Player Replays
Match Explorer
How It Works
Community
CoH3 Stats
Reddit
Sign in to upload your games and track your stats! →
Sign in with Steam
Match 39917374
Unlisted
Match 39917374
Overview
Messages
Build Orders
End
Panzergrenadier Squad
Selects Panzerjäger Kommand Battlegroup
Selects Mine Fields
250 Light Carrier
Construct Light Support Kompanie
MG34 Team
Assault Grenadier Squad
2.5-tonne Medical Truck
Fire Support Elements
Selects Defensive Positions
Assault Mechanized Group
Selects Butterfly Bomb Drop
Selects GrB 39 Grenade Launcher Requisition
Construct Panzerarmee Kommand
Pak 38 Anti-tank Gun Team
Panzer III L Medium Tank
le.IG 18 Mechanized Group
Selects Crew Shock Tactics
2.5-tonne Medical Truck
Assault Mechanized Group
2.5-tonne Medical Truck
Flak 36 Anti-tank Gun Team
Butterfly Bomb Drop
Solomon Raz
Hotchner
Philippine Mafia
Particycles
asheswin
mk000311
0
0
Comments
sign in to comment!
No comments posted yet!